 Dungeon Crawl Stone Soup version 0.19.5 (webtiles) character file.

10390 Gargoyl the Envoy of Void (level 11, -2/92 HPs)
             Began as a Ghoul Abyssal Knight on Apr 22, 2017.
             Was a High Priest of Lugonu.
             Slain by a seven-headed hydra (10 damage)
             ... on level 1 of the Lair of Beasts.
             The game lasted 00:17:53 (9316 turns).

Gargoyl the Envoy of Void (Ghoul Abyssal Knight)    Turns: 9316, Time: 00:17:53

Health: -2/92      AC: 15    Str: 17    XL:     11   Next: 61%
Magic:  16/16      EV: 14    Int:  1    God:    Lugonu [*****.]
Gold:   753        SH:  0    Dex: 18    Spells: 0 memorised, 10 levels left

rFire  + + .     SeeInvis +     G - +12 spear "Qanaif" {flame, rPois Int-3 Dex+4 SInv}
rCold  + . .     Gourm    .     q - +2 ring mail {rF+}
rNeg   + + +     Faith    .     (no shield)
rPois  ∞         Spirit   .     (no helmet)
rElec  +         Reflect  .     f - +0 cloak
rCorr  .         Harm     .     b - +1 pair of gloves {Dex+3}
MR     +....                    m - +0 pair of boots
Stlth  +.........               o - amulet "Fysoan" {rElec rN++ MR+ Regen+ Int-3}
                                d - +2 ring of protection
                                g - ring "Zirgh" {rPois rF+}

@: rotting
A: rotting body, claws 1, carnivore 3, cold resistance 1, negative energy
resistance 3, slow regeneration 1, torment resistance, unbreathing
a: Depart the Abyss, Bend Space, Banish, Corrupt, Enter the Abyss, Renounce
Religion


You were on level 1 of the Lair of Beasts.
You worshipped Lugonu.
Lugonu was extremely pleased with you.
You were not hungry.

You visited 2 branches of the dungeon, and saw 11 of its levels.
You visited the Abyss 1 time.

You collected 753 gold pieces.

Inventory:

Hand Weapons
 a - a +2 hand axe
 j - a +4 war axe
 G - the +12 spear "Qanaif" (weapon) {flame, rPois Int-3 Dex+4 SInv}
   (You found it on level 10 of the Dungeon)

   It has been specially enchanted to burn those struck by it, causing extra
   injury to most foes and up to half again as much damage against particularly
   susceptible opponents.
   It affects your intelligence (-3).
   It affects your dexterity (+4).
   It protects you from poison.
   It lets you see invisible.
 K - a +0 war axe
Missiles
 r - 5 tomahawks (quivered)
Armour
 b - a +1 pair of gloves of dexterity (worn)
 f - a +0 cloak (worn)
 m - a +0 pair of boots (worn)
 q - a +2 ring mail of fire resistance (worn)
Jewellery
 d - a +2 ring of protection (right hand)
 e - a +2 amulet of reflection
 g - the ring "Zirgh" (left hand) {rPois rF+}
   (You found it on level 5 of the Dungeon)

   [ring of protection from fire]

   It protects you from fire.
   It protects you from poison.
 o - the amulet "Fysoan" (around neck) {rElec rN++ MR+ Regen+ Int-3}
   (You found it on level 4 of the Dungeon)

   [amulet of regeneration]

   It affects your intelligence (-3).
   It insulates you from electricity.
   It greatly protects you from negative energy.
   It affects your resistance to hostile enchantments.
   It increases your rate of regeneration.
 C - an uncursed ring of resist corrosion
 D - an uncursed ring of poison resistance {unknown}
 N - the amulet of Tysmehoapt {Spirit +Fly MP-9 Int+8 Dex-4, unknown}
   (You found it on level 1 of the Lair of Beasts)

   [amulet of guardian spirit]

   It causes incoming damage to be split between your health and magic.
   It affects your intelligence (+8).
   It affects your dexterity (-4).
   It affects your magic capacity (-9).
   It lets you fly.
Wands
 I - a wand of flame (26/48)
Scrolls
 n - 2 scrolls of recharging
 p - 7 scrolls of teleportation
 s - a scroll of magic mapping
 x - 2 scrolls of blinking
 E - a scroll of fog
 F - 2 scrolls of remove curse
 M - a scroll of fear
 O - a scroll of identify
Potions
 h - a potion of berserk rage
 k - 3 potions of brilliance
 l - a potion of might
 t - a potion of heal wounds
 v - 5 potions of curing
 z - 3 potions of magic
 A - a potion of haste {unknown}
Books
 w - a book of Frost

   Spells                             Type                      Level
   a - Freeze                         Ice                          1
   b - Throw Frost                    Conjuration/Ice              2
   c - Ozocubu's Armour               Charms/Ice                   3
   d - Throw Icicle                   Conjuration/Ice              4
   e - Summon Ice Beast               Ice/Summoning                4
 y - a book of Conjurations

   Spells                             Type                      Level
   a - Magic Dart                     Conjuration                  1
   b - Searing Ray                    Conjuration                  2
   c - Dazzling Spray                 Conjuration/Hexes            3
   d - Fulminant Prism                Conjuration/Hexes            4
   e - Iskenderun's Mystic Blast      Conjuration                  4
   f - Iskenderun's Battlesphere      Conjuration/Charms           5
 B - a book of Necromancy

   Spells                             Type                      Level
   a - Pain                           Necromancy                   1
   b - Animate Skeleton               Necromancy                   1
   c - Vampiric Draining              Necromancy                   3
   d - Regeneration                   Charms/Necromancy            3
   e - Animate Dead                   Necromancy                   4
   f - Control Undead                 Necromancy                   4
 H - a book of Clouds

   Spells                             Type                      Level
   a - Mephitic Cloud                 Conjuration/Poison/Air       3
   b - Conjure Flame                  Conjuration/Fire             3
   c - Poisonous Cloud                Conjuration/Poison/Air       6
   d - Freezing Cloud                 Conjuration/Ice/Air          6
   e - Ring of Flames                 Charms/Fire                  7
 J - a book of Battle

   Spells                             Type                      Level
   a - Infusion                       Charms                       1
   b - Shroud of Golubria             Charms/Translocation         2
   c - Song of Slaying                Charms                       2
   d - Spectral Weapon                Hexes/Charms                 3
   e - Regeneration                   Charms/Necromancy            3
Comestibles
 c - 4 meat rations
 i - 2 slices of pizza
 u - a beef jerky
 L - 10 chunks of flesh


   Skills:
 + Level 7.6 Fighting
 + Level 8.5(9.4) Axes
 + Level 6.0(8.2) Polearms
 + Level 1.5 Throwing
 * Level 7.4 Armour
 + Level 5.3 Dodging
 * Level 8.8 Invocations


You had 10 spell levels left.
You didn't know any spells.

Dungeon Overview and Level Annotations

Branches:
Dungeon (10/15)            Temple (0/1) D:6            Lair (1/6) D:10
    Orc (0/2) D:9

Altars:
Ru
Vehumet

Shops:
D:9 [(


Innate Abilities, Weirdness & Mutations

Your body is rotting away.
You thrive on raw meat.
You are immune to poison.
You have sharp fingernails.
You are carnivorous and can eat meat at any time.
Your flesh is cold resistant. (rC+)
You are immune to negative energy. (rN+++)
You regenerate slowly when monsters are visible.
You are immune to unholy pain and torment.
You can survive without breathing.


Message History

* * * LOW HITPOINT WARNING * * *
The seven-headed hydra bites you but does no damage. x2
The seven-headed hydra bites you.
* * * LOW HITPOINT WARNING * * *
You puncture the seven-headed hydra! You burn the seven-headed hydra.
The seven-headed hydra is almost dead.
The seven-headed hydra bites you but does no damage.
The seven-headed hydra completely misses you.
The seven-headed hydra misses you.
The seven-headed hydra completely misses you.
The seven-headed hydra closely misses you.
The seven-headed hydra bites you!
* * * LOW HITPOINT WARNING * * *
The seven-headed hydra bites you.
* * * LOW HITPOINT WARNING * * *
Eat one of 10 chunks of flesh? (ye/n/q)
You start eating one of the 10 chunks of flesh.
The seven-headed hydra closely misses you. x2
The seven-headed hydra bites you!
You die...

#.#...# #..# ##....# #.#...# #..#
#.....# #.#...#
#########..####...... #.#...#
..................... ..'...#
#+#.###...#.#.######## ..P#+##
.....#...##### ....... .......##
### ........
.#.####D#....###.####### ........
.......@†............... .......(
........................ ........
........................
##########P###..###.###..#####.##
# ### ### #### ###


You could see a seven-headed hydra.

Vanquished Creatures
  A hydra (Lair:1)
  Sonja (Lair:1)
  The ghost of ShornTheSheep the Covered, a novice GrBe of Trog (D:7)
  A hill giant (D:10)
  2 centaur zombies (D:10)
  A black mamba (Lair:1)
  A gargoyle (D:10)
  A komodo dragon (Lair:1)
  A troll (D:10)
  4 blink frogs
  Grinder (D:4)
  A two-headed ogre (D:8)
  A hippogriff (Lair:1)
  Sigmund (D:6)
  A wyvern (D:10)
  A wraith (D:10)
  8 yaks (Lair:1)
  Eustachio (D:6)
  A steam dragon (D:8)
  2 water moccasins
  2 orc warriors
  2 porcupines
  An ice beast (D:6)
  2 ogres
  2 centaurs
  2 crocodiles (Lair:1)
  A big kobold (D:8)
  4 bullfrogs
  A wyvern zombie (D:5)
  2 scorpions
  8 wights
  2 howler monkeys
  3 crimson imps
  2 quasits
  2 hounds
  4 jellies
  5 orc wizards
  A bullfrog skeleton (D:10)
  A centaur skeleton (D:5)
  2 iguanas
  A hell rat (D:10)
  7 worker ants
  A hound zombie (D:4)
  2 worker ant zombies
  10 adders
  2 river rats (D:10)
  4 shadow imps
  2 worms
  3 dart slugs
  4 leopard geckos
  24 orcs
  5 giant cockroaches
  8 hobgoblins
  26 jackals
  14 kobolds
  7 quokkas
  9 bats
  4 frilled lizards
  9 goblins
  A jackal zombie (D:7)
  5 rats
229 creatures vanquished.

Vanquished Creatures (others)
  The ghost of tschems the Cleaver, a journeyman HuFi of Qazlal (D:9)
1 creature vanquished.

Grand Total: 230 creatures vanquished

Notes
Turn   | Place    | Note
-------+----------+-------------------------------------------
     0 | Abyss:1  | Gargoyl the Ghoul Abyssal Knight began the quest for the Orb.
     0 | Abyss:1  | Reached XP level 1. HP: 19/19 MP: 1/1
    64 | Abyss:2  | Noticed a small abomination
   102 | D:1      | Escaped the Abyss
   423 | D:1      | Reached XP level 2. HP: 16/26 MP: 2/2
   517 | D:1      | Reached * piety under Lugonu
   838 | D:1      | Reached XP level 3. HP: 31/31 MP: 3/3
   975 | D:2      | Reached skill level 1 in Dodging
  1040 | D:2      | Found a radiant altar of Vehumet.
  1115 | D:2      | Reached XP level 4. HP: 20/40 MP: 4/4
  1139 | D:2      | Found a sacrificial altar of Ru.
  1380 | D:2      | Reached ** piety under Lugonu
  1587 | D:3      | Reached XP level 5. HP: 29/46 MP: 6/6
  2413 | D:4      | Noticed Grinder
  2597 | D:4      | Paralysed by Grinder for 3 turns
  2602 | D:4      | Paralysed by Grinder for 4 turns
  2609 | D:4      | Paralysed by Grinder for 7 turns
  2622 | D:4      | Killed Grinder
  2622 | D:4      | Reached XP level 6. HP: 26/52 MP: 7/7
  2945 | D:4      | Reached XP level 7. HP: 57/59 MP: 8/8
  3016 | D:4      | Got a scorched iron amulet
  3040 | D:4      | Identified the amulet "Fysoan" {rElec rN++ MR+ Regen+ Int-3} (You found it on level 4 of the Dungeon)
  3378 | D:5      | Entered Level 5 of the Dungeon
  3580 | D:5      | Got a flickering steel ring
  3906 | D:5      | Reached *** piety under Lugonu
  4009 | D:5      | Identified the ring "Zirgh" {rPois rF+} (You found it on level 5 of the Dungeon)
  4420 | D:5      | Reached skill level 5 in Axes
  4420 | D:5      | Reached XP level 8. HP: 62/67 MP: 10/10
  4530 | D:6      | Found a staircase to the Ecumenical Temple.
  4704 | D:6      | Reached skill level 5 in Invocations
  4795 | D:6      | Noticed Eustachio
  4811 | D:6      | Killed Eustachio
  5059 | D:6      | Noticed Sigmund
  5070 | D:6      | Killed Sigmund
  5070 | D:6      | Reached skill level 5 in Fighting
  5431 | D:7      | Noticed ShornTheSheep's ghost (novice GrBe)
  5476 | D:7      | Killed ShornTheSheep's ghost
  5476 | D:7      | Reached skill level 5 in Armour
  5476 | D:7      | Reached XP level 9. HP: 19/74 MP: 12/12
  6538 | D:8      | Reached **** piety under Lugonu
  6710 | D:8      | Noticed a two-headed ogre
  6720 | D:8      | Killed a two-headed ogre
  7179 | D:9      | Identified a scroll of acquirement
  7366 | D:9      | Found Saadd's Armour Shop.
  7366 | D:9      | Found a staircase to the Orcish Mines.
  7366 | D:9      | Found Gubip's Weapon Shop.
  7680 | D:9      | Noticed tschems's ghost (journeyman HuFi)
  7689 | D:9      | Banished tschems's ghost
  7689 | D:9      | Reached XP level 10. HP: 56/83 MP: 14/14
  7767 | D:10     | Entered Level 10 of the Dungeon
  7796 | D:10     | Found a staircase to the Lair.
  7897 | D:10     | Got a crude spear
  7907 | D:10     | Identified the +12 spear "Qanaif" {flame, rPois Int-3 Dex+4 SInv} (You found it on level 10 of the Dungeon)
  8045 | D:10     | Reached skill level 1 in Throwing
  8069 | D:10     | Reached skill level 1 in Polearms
  8178 | D:10     | Noticed a hill giant
  8192 | D:10     | Killed a hill giant
  8257 | D:10     | Noticed a gargoyle
  8271 | D:10     | Killed a gargoyle
  8431 | D:10     | Reached XP level 11. HP: 92/92 MP: 15/15
  8590 | Lair:1   | Entered Level 1 of the Lair of Beasts
  8590 | Lair:1   | Noticed Sonja
  8624 | Lair:1   | Killed Sonja
  8863 | Lair:1   | Reached ***** piety under Lugonu
  8969 | Lair:1   | Reached skill level 5 in Polearms
  9049 | Lair:1   | Got a vibrating zirconium amulet
  9136 | Lair:1   | Reached skill level 5 in Dodging
  9176 | Lair:1   | Noticed an eight-headed hydra
  9190 | Lair:1   | Killed an eight-headed hydra
  9305 | Lair:1   | Noticed a seven-headed hydra
  9316 | Lair:1   | Slain by a seven-headed hydra

Skill      XL: |  1  2  3  4  5  6  7  8  9 10 11 |
---------------+----------------------------------+-----
Armour         | 2 3 4 5 6 7 |  7.4
Axes           | 2 3 5 6 8 |  8.5
Dodging        | 1 2 3 4 5 |  5.3
Fighting       | 4 5 6 7 |  7.6
Invocations    | 3 4 6 7 8 |  8.8
Throwing       | 1 |  1.5
Polearms       | 4 6 |  6.0

Action                   |  1- 3 |  4- 6 |  7- 9 | 10-12 || total
-------------------------+-------+-------+-------+-------++-------
Melee: Hand axe          |    86 |   117 |       |       ||   203
       War axe           |       |    57 |   309 |    26 ||   392
       Spear             |       |       |       |   233 ||   233
Throw: Tomahawk          |       |       |    10 |     5 ||    15
Invok: Depart the Abyss  |     1 |       |       |       ||     1
       Banish            |       |       |       |     1 ||     1
  Use: Scroll            |     5 |     3 |     5 |     1 ||    14
       Potion            |       |       |     9 |       ||     9
 Stab: Paralysed         |       |     6 |       |       ||     6
  Eat: Chunk             |    12 |    22 |    40 |    42 ||   116
Armor: Leather armour    |    41 |    37 |       |       ||    78
       Ring mail         |       |    26 |   205 |   106 ||   337
Dodge: Dodged            |    87 |   102 |   283 |   148 ||   620
Block: Other             |    10 |     8 |     2 |     3 ||    23
       Reflection        |       |     1 |       |     2 ||     3
